[Event "*** Titled Tuesday 3|2 Blitz"]
[Site "Chess.com"]
[Date "2016.10.04"]
[Round "3"]
[White "Lupul_Cenusiu"]
[Black "Mugzyyy"]
[Result "1-0"]
[WhiteElo "2377"]
[BlackElo "2441"]
[TimeControl "180+2"]
[EndTime "11:37:31 PDT"]
[Termination "Lupul_Cenusiu won on time"]

1. d4 d5 2. c4 dxc4 3. Nc3 Nc6 4.
Nf3 Bg4 5. d5 Bxf3 6. gxf3 Ne5 7. f4 Nd7 8. Qa4 a6 9. Qxc4 Nb6 10. Qb3 Nf6 11. Bg2 g6 12. e4 Bh6 13. Be3 O-O 14. Bf3 Ne8 15. h4 e5 16. dxe6 Qf6 17. exf7+ Qxf7 18. Qxf7+ Rxf7 19. e5 Bxf4 20. Bxb6 cxb6 21. Bd5 Bxe5 22. O-O-O Nf6 23. Bxf7+ Kxf7 24. Rhe1 Bf4+ 25. Kc2 Rc8 26. a4 Rc5 27. Rd4 Be5 28. Rd3 Bb8 29. Kb3 Rf5 30. Ne4 Nd5 31. Ng5+ Kg7 32. Re8 Bh2 33. Rd8 Nf6 34. f3 Bg3 35. Re3 Bxh4 36.
Ne6+ Kh6 37. Rf8 Nd5 38. Rxf5 Nxe3 39. Rf7 g5 40. Nf8 g4 41. Rxh7+ Kg5 42. fxg4 Kxg4 43. Rxb7 Nd5 44. Ng6 Bf2 45. Ne5+ Kf5 46. Nd3 Bg1 47. Nb4 Ke6 48. Nxd5 Kxd5 49. Ra7 a5 50. Rg7 Bc5 51. Rg5+ Kd4 52. Rh5 Bb4 53. Rh4+ Kd5 54. Kc2 Kc6 55.
Kd3 Be1 56. Re4 Bf2 57. Kc4 Bc5 58. Re6+ 1-0

[Event "*** Titled Tuesday 3|2 Blitz"]
[Site "Chess.com"]
[Date "2016.10.04"]
[Round "3"]
[White "maciek_92"]
[Black "MaestroASK"]
[Result "1-0"]
[WhiteElo "2591"]
[BlackElo "2443"]
[TimeControl "180+2"]
[EndTime "11:37:39 PDT"]
[Termination "maciek_92 won by resignation"]

1. c4 d6 2. d4 g6 3. Nc3 c6 4. g3 e5 5. Nf3 f6 6. Bg2 Bg7 7. O-O Nh6 8. h3 Nf7 9. e4 O-O 10. b3 Re8 11. Bb2 Nd7 12. Qd2 Nf8 13. Rad1 Qc7 14.
Ba3 a6 15. c5 dxc5 16. Bxc5 Ne6 17. Ba3 exd4 18. Nxd4 Nxd4 19. Qxd4 f5 20. Qd2 fxe4 21.
Rfe1 Bf5 22. Nxe4 Rad8 23. Qc1 Bxe4 24. Rxe4 Rxe4 25. Bxe4 Rxd1+ 26. Qxd1 Bf8 27. Bc1 Bh6 28. Bxh6 Nxh6 29. Bd3 b5 30. b4 Nf7 31. Be4 Ng5 32.
Bg2 Nf7 33. Qd4 Nd8 34. h4 Qe7 35. Kh2 Qc7 36. a3 h6 37. Qf6 g5 38. hxg5 hxg5 39.
Qxg5+ Kf8 40. Qf6+ Ke8 41. Be4 Qb6 42. Qe5+ Kf7 43.
Kg2 a5 44. g4 axb4 45. axb4 Kg8 46. g5 Nf7 47. Qf6 Qd8 48. Bxc6 Qxf6 49. gxf6 Nd6 50.
Bd5+ Kh7 51. Kf3 Kg6 52. f7 Kg7 53. Kf4 Nc8 54. Ke5 Ne7 55. Kd6 Nf5+ 56. Ke6 Nd4+ 57. Ke7 Nf5+ 58. Kd7 Kf8 59. Kc6 Nd4+ 60. Kc5 1-0

[Event "*** Titled Tuesday 3|2 Blitz"]
[Site "Chess.com"]
[Date "2016.10.04"]
[Round "3"]
[White "MateusViageiro"]
[Black "LonesomeGeorge1"]
[Result "1-0"]
[WhiteElo "2322"]
[BlackElo "2175"]
[TimeControl "180+2"]
[EndTime "11:37:43 PDT"]
[Termination "MateusViageiro won by resignation"]

1. e4 c5 2. Nf3 e6 3. g3 d5 4. exd5 exd5 5. Bg2 Nf6 6. O-O Be7 7. d4 O-O 8. dxc5 Bxc5 9. Nbd2 Nc6 10. Nb3 Bb6 11.
c3 h6 12. Nbd4 Bg4 13. Be3 Re8 14. h3 Bh5 15. g4 Bg6 16. Re1 Be4 17. Qb3 Na5 18.
Qd1 Nc4 19. Bc1 Rc8 20. Bf1 Qd7 21. Nd2 Ne5 22. Nxe4 dxe4 23. Be2 Rcd8 24. Be3 Ng6 25. Bb5 Qe7 26. Bxe8 Rxe8 27. Nf5 Qe5 28. Qd6 Qb5 29.
Nxh6+ Kh7 30. Nxf7 Nh4 31. Ng5+ Kg6 32. a4 Qxb2 33. Rab1 Qxc3 34. Rec1 Qe5 35. Qxe5 Rxe5 36. Rxb6 axb6 37. Rc7 Rxg5 38. Bxg5 Nf3+ 39. Kg2 Nxg5 40. Rxb7 Nd5 41. Rd7 Nc3 42. Rd6+ Kh7 43. Rxb6 Nxa4 44. Rb5 Kg6 45. h4 Nf7 46. Rb4 Nc5 47. Rc4 Nd3 48.
Rxe4 Nde5 49. Kg3 Nd7 50. f4 Nf6 51. Re6 Kh7 52. g5 Nh5+ 53. Kg4 g6 54. f5 Kg7 55. Rxg6+ Kh7 56. Kxh5 Ne5 57. Re6 Nd3 58. Re7+ Kg8 59.
Kg6 Nf4+ 60. Kh6 Nh3 61. f6 Nf4 62. g6 1-0

[Event "*** Titled Tuesday 3|2 Blitz"]
[Site "Chess.com"]
[Date "2016.10.04"]
[Round "3"]
[White "SCIM"]
[Black "promen1999"]
[Result "1/2-1/2"]
[WhiteElo "2285"]
[BlackElo "2311"]
[TimeControl "180+2"]
[EndTime "11:37:46 PDT"]
[Termination "Game drawn - insufficient material"]

1. d4 Nf6 2. c4 g6 3. Nc3 d5 4. Bg5 Bg7 5. Bxf6 Bxf6 6. cxd5 c6 7. e4 O-O 8. e5 Bg7 9. Bc4 cxd5 10. Bxd5 Nc6 11. Nge2 Qb6 12. Rb1 Bf5 13. Be4 Bxe4 14. Nxe4 Rfd8 15. O-O Nxd4 16. Nxd4 Rxd4 17. Qe2 Bxe5 18.
Ng5 Bf6 19. Ne4 Rad8 20. Nxf6+ Qxf6 21. Rbc1 Rd2 22. Qe3 b6 23. Rc7 R2d7 24. Rxd7 Rxd7 25. b3 Qd4 26. Qf3 Kg7 27. g3 e5 28. Re1 f5 29. h4 e4 30. Qf4 Qd6 31. Qc1 Qd2 32.
Qa1+ Qd4 33. Qc1 Qd2 34. Qa1+ Kh6 35. Kg2 Rc7 36. Qe5 Rc2 37. Rf1 e3 38. Qf4+ Kg7 39.
Qe5+ Kf7 40. Qh8 Qc3 41. Qxh7+ Qg7 42. Qxg7+ Kxg7 43. Kf3 e2 44. Re1 Rxa2 45. Rxe2 Rxe2 46. Kxe2 Kf6 47. f3 Ke5 48. Kd3 b5 49. Kc3 a5 50.
Kd3 Kd5 51. Kc3 Kc5 52. Kd3 a4 53. bxa4 bxa4 54. Kc3 a3 55. Kb3 Kd4 56. g4 fxg4 57. fxg4 Ke4 58. h5 gxh5 59. gxh5 Kf5 60. Kxa3 Kg5 61.
Kb4 Kxh5 1/2-1/2

[Event "*** Titled Tuesday 3|2 Blitz"]
[Site "Chess.com"]
[Date "2016.10.04"]
[Round "3"]
[White "johnathan113"]
[Black "petrpalachev"]
[Result "0-1"]
[WhiteElo "2260"]
[BlackElo "2391"]
[TimeControl "180+2"]
[EndTime "11:37:49 PDT"]
[Termination "petrpalachev won by resignation"]

1. e4 c5 2. Nf3 d6 3. d4 cxd4 4.
Nxd4 Nf6 5. Nc3 a6 6. Be2 e5 7.
Nb3 Be6 8. Bg5 Nbd7 9. a4 Be7 10.
O-O O-O 11. a5 Rc8 12. Bf3 Qc7 13. Re1 Rfd8 14. Nd2 b5 15. axb6 Qxb6 16. Na4 Qb7 17. Nf1 Nc5 18. Nxc5 Rxc5 19. Ne3 Qxb2 20. Rxa6 Qb7 21.
Qa1 Rc7 22. Rb1 Qc8 23. Ra7 h6 24. Bxf6 Bxf6 25. h3 g6 26. Bg4 Rxa7 27. Qxa7 Bxg4 28.
hxg4 Bg5 29. Nd5 Qxc2 30. Rb8 Qxe4 31. Rxd8+ Bxd8 32. Qa8 Kg7 33. g3 Bg5 34. Qc6 Qxg4 35. Qxd6 Qd1+ 36. Kg2 Qe2 37. Nc7 Qe4+ 38. Kh2 Qf5 39. Kg1 h5 40. Ne8+ Kg8 41. Qb8 Kh7 42.
Qd6 Kg8 43. Nc7 h4 44. Nd5 hxg3 45. fxg3 e4 46. Ne7+ Bxe7 47. Qxe7 Kg7 48. Qb4 Qe5 49.
Kf2 e3+ 50. Kf3 e2 51. Qe1 Kf6 52. Kg2 Kg5 53. Qd2+ Kf5 54. Qe1 Qe4+ 55. Kf2 Kg4 56. Kg1 Kh3 57. Kf2 Qg2+ 58. Ke3 Qxg3+ 59. Kxe2 Qxe1+ 60. Kxe1 g5 61. Kf2 Kh2 62. Kf3 f5 63. Kf2 g4 64. Kf1 g3 0-1

[Event "*** Titled Tuesday 3|2 Blitz"]
[Site "Chess.com"]
[Date "2016.10.04"]
[Round "3"]
[White "Dr-Bassem"]
[Black "Gergo85"]
[Result "1-0"]
[WhiteElo "2607"]
[BlackElo "2436"]
[TimeControl "180+2"]
[EndTime "11:37:59 PDT"]
[Termination "Dr-Bassem won by resignation"]

1. e4 c6 2. d4 d5 3. exd5 cxd5 4.
c4 Nf6 5. Nc3 Nc6 6. Bg5 Ne4 7.
Nxe4 dxe4 8. d5 Ne5 9. Qd4 f6 10.
Qxe4 Qb6 11. Bd2 Qxb2 12. Rb1 Qxa2 13. Rc1 g6 14. f4 Bf5 15. Qd4 Nd7 16. c5 e5 17.
fxe5 fxe5 18. Qc4 Qxc4 19. Bxc4 Bxc5 20. Nf3 a6 21. Ng5 Ba3 22. Ra1 Bb2 23. Ra2 Bd4 24. Ne6 Bxe6 25. dxe6 Nc5 26. Rf1 Rf8 27. Rf7 Nxe6 28.
Rxb7 Rf7 29. Rb3 Re7 30. Rf3 Raa7 31. Bh6 e4 32. Rb3 Bg7 33. Be3 Nd4 34. Rb8+ Kd7 35. Rd2 Kc7 36. Rg8 Nf5 37. Bxa7 Bc3 38. Ke2 Bxd2 39.
Kxd2 Kc6 40. Be3 a5 41. Bb3 Nxe3 42. Kxe3 Kc5 43. Rb8 Rd7 44. Kxe4 Rd2 45. Kf3 Rb2 46. Rc8+ Kd4 47. Bg8 h5 48. Rc4+ Ke5 49. Rc5+ Kf6 50. Rxa5 Rc2 51. Bd5 Rc3+ 52. Ke2 g5 53. Be4 Rc4 54.
Kd3 Rb4 55. Rf5+ Ke6 56. Rxg5 1-0

[Event "*** Titled Tuesday 3|2 Blitz"]
[Site "Chess.com"]
[Date "2016.10.04"]
[Round "3"]
[White "keisyzrk"]
[Black "Frolyanov_D"]
[Result "1/2-1/2"]
[WhiteElo "2271"]
[BlackElo "2415"]
[TimeControl "180+2"]
[EndTime "11:37:59 PDT"]
[Termination "Game drawn by repetition"]

1. d4 Nf6 2. c4 e6 3. Nc3 Bb4 4. Qc2 d5 5. cxd5 exd5 6. Bg5 h6 7.
Bh4 c5 8. dxc5 g5 9. Bg3 Ne4 10. e3 O-O 11. Bd3 Bf5 12. Ne2 Nd7 13. a3 Ndxc5 14.
axb4 Nxd3+ 15. Qxd3 Nxg3 16. e4 Nxe4 17. Qxd5 Nxc3 18.
Nxc3 Re8+ 19. Kf1 Qxd5 20. Nxd5 Bd3+ 21. Kg1 Red8 22. Ne3 Rd4 23. h4 Rxb4 24. hxg5 hxg5 25. Rh5 f6 26. Nd5 Rxb2 27. Nxf6+ Kg7 28. Ng4 Rb5 29. Rd1 Rd8 30. Rh3 Rb1 31. Rxb1 Bxb1 32. Rb3 Be4 33.
f3 Bc6 34. Ne5 Kf6 35. Nxc6 bxc6 36. Rb7 a5 37. Rb6 Rd1+ 38. Kh2 Rc1 39. Ra6 Rc5 40.
Kg3 Ke5 41. Kg4 Kd4 42. Ra8 Kc3 43. g3 Kb4 44. f4 gxf4 45. gxf4 a4 46. f5 Rc1 47.
Rb8+ Kc4 48. Ra8 Kb3 49. Rb8+ Ka2 50. f6 Rf1 51. Kg5 a3 52. Rc8 Kb3 53. Rxc6 a2 54.
Rb6+ Kc4 55. Ra6 a1=Q 56. Rxa1 Rxa1 57. f7 Rf1 58. Kg6 Kd5 59. Kg7 Rg1+ 60. Kh8 Rh1+ 61. Kg8 Rg1+ 62. Kh8 Rh1+ 63. Kg8 Rg1+ 64. Kh8 1/2-1/2

[Event "*** Titled Tuesday 3|2 Blitz"]
[Site "Chess.com"]
[Date "2016.10.04"]
[Round "3"]
[White "Baggio95"]
[Black "Dale"]
[Result "0-1"]
[WhiteElo "2334"]
[BlackElo "2063"]
[TimeControl "180+2"]
[EndTime "11:38:02 PDT"]
[Termination "Dale won by checkmate"]

1. e4 Nf6 2. e5 Nd5 3. d4 c5 4.
c4 Nb4 5. d5 Qa5 6. Nc3 d6 7.
exd6 Bf5 8. dxe7 Bxe7 9. g4 Bg6 10. Bg2 Nc2+ 11. Kf1 Nxa1 12. d6 Bf6 13. Bxb7 O-O 14. Bxa8 Nd7 15. Bd5 Bxc3 16. bxc3 Qxc3 17. Nf3 Re8 18. Kg2 Nc2 19. Qd2 Qf6 20. Bc6 Qe6 21.
Qf4 Rc8 22. Bd5 Qe2 23. Qd2 Nd4 24. Qxe2 Nxe2 25. Be3 Nc3 26. Bb7 Rb8 27. Bc6 Nf6 28.
Bxc5 Rc8 29. d7 Nxd7 30. Bxd7 Rxc5 31. Rc1 Rxc4 32. Ne5 Rc7 33. Bc6 Nd5 34. Rc5 Nf4+ 35. Kf3 Ne6 36. Rc4 Kf8 37. Ke3 a5 38. f4 Bb1 39. a3 f6 40. Nf3 Ba2 41. Rc3 a4 42.
Nd4 Nxd4 43. Kxd4 Ke7 44. Kc5 Bb3 45. Re3+ Kf7 46. Kd6 Ra7 47. Re4 Ra5 48. Re7+ Kf8 49. Re4 h5 50. gxh5 Rxh5 51. Bxa4 Bxa4 52. Rxa4 Rxh2 53.
Ke6 Re2+ 54. Kf5 Ra2 55. Ra7 Ra1 56. a4 Ra3 57. Kg6 Ra2 58. Ra8+ Ke7 59. Kxg7 Ke6 60.
Ra5 f5 61. Kg6 Rg2+ 62. Kh5 Kf6 63. Ra6+ Kf7 64. Ra7+ Kf6 65. Ra6+ Kf7 66. Rb6 Rg4 67. Rb4 Rg1 68. a5 Kf6 69. Ra4 Rh1# 0-1

[Event "*** Titled Tuesday 3|2 Blitz"]
[Site "Chess.com"]
[Date "2016.10.04"]
[Round "3"]
[White "Paralinch"]
[Black "Tash_Boy"]
[Result "1-0"]
[WhiteElo "2588"]
[BlackElo "2454"]
[TimeControl "180+2"]
[EndTime "11:38:17 PDT"]
[Termination "Paralinch won by resignation"]

1. e4 c5 2. Nf3 d6 3. d4 cxd4 4. Nxd4 Nf6 5. Nc3 e6 6. Be2 a6 7.
O-O Be7 8. f4 O-O 9. Kh1 Qc7 10.
Qe1 b5 11. Bf3 Bb7 12. e5 Ne8 13. f5 dxe5 14. fxe6 exd4 15. Bf4 Nd6 16. exf7+ Rxf7 17. Nd5 Qd8 18. Qe6 Kh8 19. Nxe7 Rxe7 20. Qxd6 Rd7 21. Bxb7 Rxd6 22. Bxd6 Ra7 23. Rf8+ Qxf8 24. Bxf8 Rxb7 25. Bc5 Rc7 26. Bxd4 Rxc2 27. Re1 Rc8 28. Kg1 Nc6 29. Bc3 b4 30. Bd2 Rd8 31. Bg5 Rc8 32. Rc1 Kg8 33.
Bd2 a5 34. a3 bxa3 35. bxa3 a4 36. Rc4 Rd8 37. Bc3 Ne7 38. Rxa4 Nd5 39. Bd4 Rd7 40.
Ra7 Rxa7 41. Bxa7 Kf7 42. Bd4 g6 43. Kf2 Ke6 44. Kf3 Kf5 45. a4 Nb4 46. g4+ Ke6 47.
Ke4 h5 48. g5 Na6 49. a5 Nb4 50. h4 Na6 51. Bf2 Kd6 52. Bg3+ Ke6 53. Kd4 Kf5 54.
Be1 Kg4 55. Ke5 Nc5 56. Kf6 Kf3 57. Kxg6 Ke2 58. Bb4 Na6 59. Bd6 Kf3 60. Kxh5 1-0

[Event "*** Titled Tuesday 3|2 Blitz"]
[Site "Chess.com"]
[Date "2016.10.04"]
[Round "3"]
[White "Oleksandr_Bortnyk"]
[Black "NTBT_DHS"]
[Result "1-0"]
[WhiteElo "2727"]
[BlackElo "2458"]
[TimeControl "180+2"]
[EndTime "11:38:27 PDT"]
[Termination "Oleksandr_Bortnyk won by resignation"]

1. e4 g6 2. d4 Bg7 3. Nc3 a6 4. Be3 d6 5. h4 Nf6 6. f3 b5 7. g4 h6 8. Nh3 Bb7 9. Bg2 Nbd7 10. O-O b4 11. Ne2 c5 12. c3 a5 13. Qe1 O-O 14.
Rd1 bxc3 15. bxc3 cxd4 16. cxd4 Ba6 17. Rf2 Nb6 18. Ng3 Nc4 19. Bc1 Nd7 20. f4 Qb6 21. e5 Rad8 22. e6 Nf6 23. g5 Ng4 24. exf7+ Rxf7 25. Bd5 Bxd4 26. Qe6 Bxf2+ 27. Kh1 Nce5 28.
fxe5 Nxe5 29. Ne4 Bc8 30. Qxe7 Bxh3 31. Bxf7+ Nxf7 32. Nf6+ Kh8 33. Qxf7 Qc6+ 34. Nd5 Bd4 35. Be3 Be5 36. Bf4 Qe8 37. Bxe5+ Qxe5 38. Qxg6 Bf5 39.
Qxh6+ Kg8 40. Nf6+ Kf7 41. Qh5+ Bg6 42. Qf3 Kg7 43. Rf1 Kh8 44. Qf4 Qe2 45. Rf2 Qe1+ 46. Kh2 Rf8 47. h5 Be4 48. Rf1 Qe2+ 49. Qf2 Qb5 50. Re1 Qxg5 51. Rxe4 Rxf6 52. Qd4 Kh7 53. Rg4 Qf5 54. Kg3 Qf3+ 55. Kh4 Qf2+ 56. Qxf2 Rxf2 57. a4 Rb2 58. Kg5 Rb4 59. Rf4 d5 60. Rf7+ Kg8 61. Rd7 Rxa4 62. Rd8+ Kf7 63. h6 Ra1 64. h7 Rg1+ 65.
Kf5 Rf1+ 66. Ke5 Re1+ 67. Kd6 Rh1 68. h8=Q Rxh8 69. Rxh8 d4 70. Rh3 1-0

[Event "*** Titled Tuesday 3|2 Blitz"]
[Site "Chess.com"]
[Date "2016.10.04"]
[Round "3"]
[White "QuintilianoR"]
[Black "igorkovalenko"]
[Result "1-0"]
[WhiteElo "2420"]
[BlackElo "2605"]
[TimeControl "180+2"]
[EndTime "11:38:44 PDT"]
[Termination "QuintilianoR won by resignation"]

1. e4 e6 2. d4 d5 3. Nc3 Bb4 4. exd5 exd5 5. Bd3 Nf6 6. Qf3 O-O 7. Ne2 Bg4 8. Qg3 Bh5 9. O-O c6 10. Nf4 Bd6 11. Qh4 Bg6 12. Nxg6 fxg6 13. Re1 Nbd7 14. Bg5 Qc7 15. Ne2 Nh5 16. Qh3 Rae8 17. Ng3 Nf4 18. Bxf4 Bxf4 19. Re6 Bxg3 20. hxg3 Nf6 21. Rae1 Qf7 22. f3 Rxe6 23. Rxe6 Re8 24. Re5 Nd7 25. Rxe8+ Qxe8 26. Kf2 Nf6 27. c3 b6 28. Qh4 c5 29.
dxc5 bxc5 30. Qf4 c4 31. Be2 Qd8 32. b4 cxb3 33. axb3 Qb6+ 34. Kf1 Qxb3 35. c4 Qb1+ 36. Kf2 Qb6+ 37. Kf1 dxc4 38. Bxc4+ Kf8 39. g4 h6 40. g5 hxg5 41. Qxg5 Qb1+ 42. Kf2 Qc2+ 43. Be2 Kg8 44. Qa5 g5 45. Qxa7 g4 46. Qe3 Kh8 47. Qd4 g3+ 48. Ke1 Qc1+ 49. Bd1 Qh6 50. Qd8+ Ng8 51.
Be2 Qe3 52. Qh4+ Nh6 53. Qxg3 Kh7 54. Qd6 Qg1+ 55. Bf1 Nf5 56. Qd3 g6 57. Qd7+ Kh6 58. Qd2+ g5 59. Qf2 Qh2 60. Qb6+ Nd6 61. Qd4 Qg3+ 62.
Ke2 Kg6 63. Qd3+ Nf5 64. Kd1 Kf6 65. Qd8+ Ke5 66. Qb8+ Nd6 67. Qh8+ Kd5 68. Qg8+ Kd4 69. Qb3 Qf2 70. Qb6+ 1-0

[Event "*** Titled Tuesday 3|2 Blitz"]
[Site "Chess.com"]
[Date "2016.10.04"]
[Round "3"]
[White "Wolverine_master"]
[Black "Kawhi_Leonard2"]
[Result "1/2-1/2"]
[WhiteElo "2043"]
[BlackElo "1978"]
[TimeControl "180+2"]
[EndTime "11:39:04 PDT"]
[Termination "Game drawn by agreement"]

1. e4 c5 2. Nf3 d6 3. d4 cxd4 4. Nxd4 Nf6 5. Nc3 g6 6. g3 Nc6 7.
Nde2 Bg7 8. Bg2 O-O 9. O-O Rb8 10. a4 a6 11. f4 b5 12. e5 dxe5 13. Qxd8 Nxd8 14.
fxe5 Ng4 15. axb5 axb5 16. e6 Nxe6 17. Nd5 Re8 18. Nef4 Nxf4 19. Bxf4 e5 20. Bd2 Bb7 21. h3 e4 22. Nc7 Rec8 23. hxg4 Rxc7 24. Bf4 Rbc8 25. Bxc7 Rxc7 26. c3 b4 27. Kh1 bxc3 28. bxc3 Rxc3 29. Ra7 Rb3 30. Re1 Bd4 31. Ra4 Bf2 32.
Rf1 Bxg3 33. Bxe4 Bxe4+ 34. Rxe4 Bd6 35. Rd4 Rb6 36. Kg2 Be5 37. Rd8+ Kg7 38. Rd7 Rf6 39.
Rxf6 Bxf6 40. Kf3 h5 41. gxh5 gxh5 42. Rd5 Kg6 43. Rd6 Kg5 44. Kg3 Kg6 45. Kf4 h4 46. Kg4 Kg7 47. Kf5 Bc3 48. Rc6 Bd4 49. Kg4 Bf6 50. Kf5 Bd4 51. Rc4 Bb2 52. Rxh4 Bc3 53.
Rg4+ Kf8 54. Rc4 Bb2 55. Rc2 Bd4 56. Ke4 Bf6 57. Rc6 Bb2 58. Kf5 Kg7 59. Kg5 Bd4 60. Rc4 Be3+ 61. Kf5 Bd2 62. Rg4+ Kf8 63. Rg3 Bc1 64. Rb3 Bh6 65. Kf6 Bg7+ 66. Kf5 Bd4 67. Rd3 Bb2 68. Rb3 Ba1 69. Rh3 Bd4 70. Rd3 Bb2 71.
Rb3 Ba1 72. Kg5 Bd4 73. Kh6 Bg7+ 74. Kh7 Bd4 75. Rd3 Be5 76. Kh6 Bf4+ 77. Kh5 Be5 78. Kg4 Bf6 79. Kf5 Bb2 80. Rb3 Bd4 81. Rb8+ Kg7 82. Rb7 Bc3 83. Rc7 1/2-1/2

[Event "*** Titled Tuesday 3|2 Blitz"]
[Site "Chess.com"]
[Date "2016.10.04"]
[Round "3"]
[White "wonderfultime"]
[Black "Semetey"]
[Result "1-0"]
[WhiteElo "2687"]
[BlackElo "2410"]
[TimeControl "180+2"]
[EndTime "11:39:10 PDT"]
[Termination "wonderfultime won by checkmate"]

1. d4 Nf6 2. c4 e6 3. Nf3 Bb4+ 4. Nbd2 O-O 5. a3 Be7 6. e4 d6 7. Be2 Nbd7 8. O-O e5 9. b4 exd4 10. Nxd4 Re8 11. Bb2 Bf8 12. Qc2 c6 13. Rfd1 Qc7 14. h3 a5 15. Bf1 g6 16. N4f3 axb4 17. axb4 Rxa1 18. Rxa1 Ne5 19. Nxe5 dxe5 20. c5 Be6 21.
Bc4 Bxc4 22. Nxc4 Nd7 23. Rd1 Rd8 24. Nxe5 Nxe5 25. Rxd8 Qxd8 26. Bxe5 Bg7 27. Bxg7 Kxg7 28. Qc3+ f6 29. e5 fxe5 30. Qxe5+ Kf7 31. f4 Qd1+ 32. Kh2 Qd7 33. Qe4 Qc7 34. Qd4 Qe7 35. Qh8 Qh4 36.
Qe5 Qf2 37. Qc7+ Kf6 38. Qd6+ Kf7 39. Qc7+ Kf6 40. Qe5+ Kf7 41. Qe4 h5 42. Qe5 h4 43.
Qc7+ Kf6 44. Qd8+ Kf7 45. Qg5 Qe1 46. Qe5 Qf2 47. Qe4 Kf6 48. Qe5+ Kf7 49. Qc7+ Kf6 50.
Qd6+ Kf7 51. Qe5 Kg8 52. Qb8+ Kg7 53. f5 gxf5 54. Qxb7+ Kf8 55. Qc8+ Kg7 56. Qc7+ Kf8 57. Qd6+ Kg7 58. b5 f4 59. Qe7+ Kg8 60. Qe6+ Kg7 61.
Qg4+ Kf6 62. bxc6 Ke7 63. Qd7+ Kf6 64. Qd6+ Kf7 65. Qd5+ Kf6 66. Qd6+ Kf7 67. Qd5+ Kf6 68. Qd8+ Kf7 69. Qd5+ Ke7 70. Qe4+ Kf6 71. c7 Qg3+ 72. Kh1 Qg8 73. Qxf4+ Ke7 74. Qxh4+ Kd7 75. Qg4+ Qxg4 76. hxg4 Kxc7 77. g5 Kd7 78. g6 Ke6 79. c6 Kf6 80. c7 Kg5 81. c8=Q Kh4 82. g7 Kg3 83. g8=Q+ Kf2 84.
Qc5+ Ke2 85. Qgc4+ Kd1 86. Qd3+ Ke1 87. Qg1# 1-0

[Event "*** Titled Tuesday 3|2 Blitz"]
[Site "Chess.com"]
[Date "2016.10.04"]
[Round "3"]
[White "Malev212"]
[Black "APL2001"]
[Result "0-1"]
[WhiteElo "2327"]
[BlackElo "2429"]
[TimeControl "180+2"]
[EndTime "11:39:37 PDT"]
[Termination "APL2001 won by resignation"]

1. Nf3 Nf6 2. g3 g6 3. b3 Bg7 4. Bb2 O-O 5. Bg2 d6 6. d4 Nbd7 7. O-O e5 8. dxe5 Ng4 9. Qc1 Ngxe5 10. c4 Re8 11. Nc3 Nxf3+ 12. Bxf3 Ne5 13. Bg2 Nc6 14.
Qd2 Bd7 15. Nd5 Ne5 16. Rad1 Bc6 17. Rfe1 Rb8 18. f4 Ng4 19. Bxg7 Kxg7 20. e4 Bxd5 21.
cxd5 c5 22. dxc6 bxc6 23. Qxd6 Qb6+ 24. Qd4+ Qxd4+ 25. Rxd4 Rb6 26. h3 Nf6 27. e5 Nd5 28. Bxd5 cxd5 29. Rxd5 Rc8 30. Re2 Rc3 31. Kg2 h5 32. h4 Rbc6 33. Rdd2 Kf8 34. Rf2 Re3 35.
Rf3 Re1 36. Rfd3 Rcc1 37. Rd7 Rg1+ 38. Kf3 Rc3+ 39. R2d3 Rcc1 40. Rxa7 Rce1 41. Rd2 Rgf1+ 42. Rf2 Rg1 43. Rd7 Rc1 44. Rd3 Ke7 45. a4 Ra1 46. Ke4 Ke6 47. Rd6+ Ke7 48. Rd3 Ke6 49. Re2 Rgb1 50. Rc2 Re1+ 51. Re3 Red1 52. Rc6+ Ke7 53.
Rc7+ Ke6 54. Rec3 Re1+ 55. Kd3 Red1+ 56. Kc4 Rd8 57. Rc6+ Ke7 58. Kc5 Rad1 59. b4 R1d5+ 60.
Kc4 Rd4+ 61. Kb3 Rd1 62. a5 Rb1+ 63. Kc4 Rb8 64. Rb6 Rc8+ 65. Kd3 Rd8+ 66. Kc2 Rdd1 67. Rc7+ Kf8 68. Rc4 Rbc1+ 69. Kb3 Rd3+ 70. Ka4 Rxc4 71. a6 Rc1 72. Kb5 Ra1 73. Rd6 Rxg3 74. Kb6 Ke7 75. b5 Rga3 76. Rc6 Kd7 77. Rc7+ Ke6 78. a7 Rb1 79. Rc8 Rba1 80. Rc7 Ra4 81. Rb7 Rxf4 82.
Rb8 Rfa4 83. Rb7 Rxh4 0-1

[Event "*** Titled Tuesday 3|2 Blitz"]
[Site "Chess.com"]
[Date "2016.10.04"]
[Round "3"]
[White "Schemato"]
[Black "dawtonlms"]
[Result "1/2-1/2"]
[WhiteElo "2317"]
[BlackElo "2170"]
[TimeControl "180+2"]
[EndTime "11:40:35 PDT"]
[Termination "Game drawn by stalemate"]

1. c4 Nf6 2. Nc3 g6 3. g3 Bg7 4. Bg2 O-O 5. e4 d6 6. Nge2 c5 7.
O-O Nc6 8. d3 Ne8 9. Be3 Nc7 10.
d4 cxd4 11. Nxd4 Ne6 12. Nde2 Nc5 13. Qd2 Qa5 14. Rab1 Be6 15. b3 a6 16. f4 Bg4 17.
h3 Bxe2 18. Nxe2 Qxd2 19. Bxd2 e5 20. f5 f6 21. Be3 b5 22. Rfd1 Rfd8 23. Rbc1 b4 24.
fxg6 hxg6 25. Rd5 Ne7 26. Rd2 Nc6 27. Rcd1 Bf8 28. h4 Kf7 29. Kf2 a5 30. Nc1 a4 31.
Nd3 Ne6 32. Bh3 Ned4 33. Bxd4 exd4 34. Nf4 axb3 35. axb3 Ra3 36. Rb2 Rda8 37. Be6+ Kg7 38. Bd5 Ra2 39. Rdd2 Rxb2 40. Rxb2 Ra6 41. Bxc6 Rxc6 42.
Ne6+ Kf7 43. Nxd4 Ra6 44. Nb5 Ra1 45. Rd2 Ke6 46. Kf3 Rb1 47. Rd3 Rf1+ 48. Kg4 Rh1 49.
Nd4+ Kf7 50. Nc6 Re1 51. Kf3 Rf1+ 52. Ke2 Rg1 53. Kf2 Rc1 54. Nxb4 Ke6 55. Nd5 Rb1 56. Kf3 Rf1+ 57. Kg4 Re1 58. Re3 Rd1 59. Rf3 Bg7 60. h5 Rd4 61. hxg6 Rxe4+ 62. Rf4 Re1 63. Kf3 Rb1 64. Re4+ Kf5 65. Re3 Kxg6 66. Nf4+ Kf7 67.
Ne6 Bh6 68. Nd8+ Kg6 69. Rd3 Rf1+ 70. Ke4 Bf8 71. Kd5 Rf5+ 72. Kc6 Rc5+ 73. Kd7 Re5 74. Rd4 Re3 75. b4 Rxg3 76. b5 Rb3 77. Kc6 Bh6 78.
b6 Be3 79. Ne6 Kf7 80. Rxd6 Rxb6+ 81. Kd5 Rxd6+ 82. Kxd6 f5 83. Kd5 f4 84. Nd4 Bxd4 85. Kxd4 f3 86. Ke3 Ke6 87. Kxf3 Kd6 88. Ke4 Kc5 89.
Kd3 Kc6 90. Kd4 Kd6 91. Kc3 Kc5 92. Kb3 Kc6 93. Kb4 Kb6 94. c5+ Kc6 95. Kc4 Kc7 96. Kd5 Kd7 97. Kd4 Kc7 98. Kc3 Kd7 99. Kb4 Kc7 100. Kb5 Kb7 101. c6+ Kc7 102. Kc5 Kc8 103. Kd5 Kc7 104. Kc5 Kc8 105. Kb5 Kc7 106. Kc5 Kc8 107. Kd6 Kd8 108. c7+ Kc8 109. Kc6 1/2-1/2

[Event "*** Titled Tuesday 3|2 Blitz"]
[Site "Chess.com"]
[Date "2016.10.04"]
[Round "4"]
[White "gmjoey1"]
[Black "Sven_Tica"]
[Result "1-0"]
[WhiteElo "2550"]
[BlackElo "2389"]
[TimeControl "180+2"]
[EndTime "11:45:03 PDT"]
[Termination "gmjoey1 won by resignation"]

1. e4 c5 2. c3 e6 3. d4 d5 4.
exd5 exd5 5. Nf3 a6 6. Be3 c4 7. b3 cxb3 8. axb3 Nf6 9. Bd3 Ke7 10. O-O Be6 11. Re1 h6 12. Ne5 Ke8 13. f4 Be7 14.
f5 Bc8 15. Bf4 Kf8 16. Nd2 Nc6 17. Qf3 Bd7 18. g4 Qc8 19. Rac1 h5 20. g5 Nxe5 21. Bxe5 Ng4 22. Bxg7+ Kxg7 23. Rxe7 Re8 24. f6+ Kf8 25. h3 Rxe7 26. fxe7+ Kxe7 27. hxg4 Bxg4 28. Qf6+ Kd7 29. Re1 Kc7 30. Re7+ Kb8 31. c4 Ka7 32. c5 Qd8 33. Qxa6+ 1-0

[Event "*** Titled Tuesday 3|2 Blitz"]
[Site "Chess.com"]
[Date "2016.10.04"]
[Round "4"]
[White "Andrejkin"]
[Black "johnathan113"]
[Result "0-1"]
[WhiteElo "2165"]
[BlackElo "2273"]
[TimeControl "180+2"]
[EndTime "11:45:43 PDT"]
[Termination "johnathan113 won by checkmate"]

1. d4 Nf6 2. Bf4 g6 3. Nf3 Bg7 4.
c4 O-O 5. Nc3 d6 6. e3 Nh5 7.
Bg3 Nd7 8. Be2 e5 9. O-O Nxg3 10.
hxg3 c6 11. Rc1 Qe7 12. b4 f5 13. c5 d5 14. dxe5 Nxe5 15. Nd4 a5 16. a3 Bd7 17.
Qd2 axb4 18. axb4 Ra3 19. Rb1 Rfa8 20. Rb2 h5 21. Rfb1 h4 22. gxh4 Qxh4 23. g3 Qh6 24. b5 Kf7 25. bxc6 Rh8 26. Bh5 Qxh5 27. Kf1 bxc6 28.
Rb7 Qg4 29. Nxc6 Rh1+ 30. Kg2 Qf3# 0-1

[Event "*** Titled Tuesday 3|2 Blitz"]
[Site "Chess.com"]
[Date "2016.10.04"]
[Round "4"]
[White "Blitzstream"]
[Black "Houdinovic"]
[Result "1-0"]
[WhiteElo "2539"]
[BlackElo "2312"]
[TimeControl "180+2"]
[EndTime "11:46:21 PDT"]
[Termination "Blitzstream won by resignation"]

1. d4 e6 2. e4 d5 3. Nd2 Nc6 4.
Ngf3 Nf6 5. e5 Nd7 6. Bd3 f6 7.
Ng5 Ndxe5 8. dxe5 fxg5 9. Qh5+ g6 10. Bxg6+ Kd7 11. Bd3 Nxe5 12. O-O Bg7 13. Nf3 Nxf3+ 14. Qxf3 c6 15. c4 b6 16. cxd5 exd5 17. Re1 Rf8 18. Qg3 Qf6 19. Bxg5 Qxb2 20. Re7+ 1-0

[Event "*** Titled Tuesday 3|2 Blitz"]
[Site "Chess.com"]
[Date "2016.10.04"]
[Round "4"]
[White "Quiet_Desperation"]
[Black "lexiel"]
[Result "1/2-1/2"]
[WhiteElo "2234"]
[BlackElo "2223"]
[TimeControl "180+2"]
[EndTime "11:46:37 PDT"]
[Termination "Game drawn by agreement"]

1. e4 d6 2. d4 Nf6 3. Nc3 e5 4. Nf3 Nbd7 5. Bc4 Be7 6. O-O O-O 7. dxe5 Nxe5 8. Nxe5 dxe5 9. Qe2 c6 10. h3 Qc7 11. Be3 b5 12. Bd3 a6 13. f4 Bb7 14.
Qf3 c5 15. Nd5 Bxd5 16. exd5 c4 17. Be4 Nxe4 18. Qxe4 exf4 19. Bxf4 Bd6 20. Rad1 Rad8 21. Kh1 Rfe8 22. Qf5 f6 23. Bxd6 Qxd6 24. b3 Re5 25.
Qf4 cxb3 26. axb3 Rxd5 27. Rxd5 Qxd5 28. Qc7 Re8 29. c4 bxc4 30. bxc4 Qd3 31. Rf3 Qc2 32. Qc6 Re1+ 33. Kh2 h5 34. Qxa6 Re2 35. Qc8+ Kh7 36. Qf5+ Qxf5 37. Rxf5 Kg6 38. Rc5 Rc2 39.
Rc7 h4 40. Kg1 Kf5 41. Rxg7 Rxc4 1/2-1/2